Map: Lightshade LE

Players

NDNO - Winner!

  • Race: Terran Terran
  • League: Diamond

YouGoudaLose

  • Race: Protoss Protoss
  • League: Diamond

VOD

Have the link to the VOD?

Description

Time

  • Played on: June 29, 2021, 6:38 a.m.
  • Length: 25:06
Show
View Real Time Build Order
Export as new Build Order

NDNO Terran - Winner!

Build Orders:  

Get SALT Encoding   

  12  0:00  SCV  
  13  0:12  SCV  
  14  0:19  Supply Depot  
  14  0:25  SCV  
  15  0:31  Refinery  
  15  0:44  Barracks  
  15  0:49  SCV  
  16  1:15  SCV  
  17  1:27  SCV  
  18  1:38  Marine  
  19  1:49  Orbital Command  
  19  1:56  Marine  
  20  2:14  Marine  
  21  2:18  Factory  
  21  2:23  Supply Depot  
  21  2:41  SCV  
  21  2:42  Bunker  
  22  2:53  SCV, Refinery  
  22  2:58  Barracks Reactor  
  23  3:04  Starport  
  23  3:05  SCV  
  24  3:18  SCV  
  25  3:23  Command Center  
  25  3:30  SCV  
  26  3:41  Medivac  
  26  3:42  Barracks Tech Lab  
  26  3:43  Widow Mine  
  30  3:53  Widow Mine  
  31  4:08  Supply Depot  
  31  4:11  Engineering Bay  
  31  4:28  Supply Depot  
  31  4:30  Medivac, Widow Mine x2  
  37  4:36  SCV  
  38  4:41  Stimpack  
  38  4:48  SCV  
  38  4:50  Missile Turret  
  38  4:52  SCV  
  40  5:00  SCV  
  40  5:04  SCV  
  38  5:17  Barracks  
  38  5:18  Barracks  
  38  5:20  Barracks, Widow Mine  
  40  5:25  Widow Mine  
  42  5:30  Liberator  
  45  5:38  Orbital Command  
  44  5:50  Missile Turret  
  44  5:57  Marauder  
  44  6:01  SCV  
  47  6:04  Barracks Reactor  
  47  6:06  Barracks Reactor  
  47  6:08  Barracks Reactor  
  47  6:12  SCV  
  47  6:13  SCV  
  49  6:19  Marauder  
  49  6:25  SCV  
  52  6:26  SCV  
  52  6:31  Terran Infantry Weapons Level 1  
  53  6:33  Supply Depot  
  53  6:37  SCV  
  53  6:38  SCV  
  53  6:39  Marine  
  52  6:52  Marine x4  
  52  6:53  Marine x2  
  53  6:57  Marine  
  52  7:05  Widow Mine x2  
  52  7:06  Starport Reactor  
  56  7:10  Marine x6  
  56  7:11  Armory  
  56  7:14  Supply Depot  
  56  7:15  Supply Depot, Marine  
  62  7:22  SCV x2  
  65  7:28  Marine x5  
  70  7:38  SCV x2  
  72  7:47  Marine  
  72  7:48  Marine x6  
  72  7:50  SCV x2  
  81  8:02  SCV  
  81  8:05  Marine  
  82  8:06  Refinery  
  82  8:07  Missile Turret  
  82  8:08  Refinery  
  82  8:10  Combat Shield  
  83  8:15  Missile Turret, Armory  
  83  8:16  SCV  
  79  8:41  Marine  
  79  8:42  Marine x6  
  82  8:55  Viking x2  
  75  8:59  Marine x2  
  75  9:00  Marauder, Marine x4  
  83  9:09  Command Center  
  83  9:12  Sensor Tower  
  83  9:17  Marine x3  
  83  9:18  Sensor Tower  
  86  9:28  Marine  
  86  9:29  Supply Depot, Viking x2, Marauder  
  86  9:30  Marine  
  94  9:50  Marine x2  
  94  9:51  SCV x2, Widow Mine x2  
  83  10:01  Viking x2  
  83  10:03  SCV x2  
  85  10:07  Terran Ship Weapons Level 1  
  85  10:12  Widow Mine x2  
  89  10:15  SCV  
  90  10:24  Orbital Command  
  90  10:26  SCV  
  90  10:27  SCV  
  92  10:31  Viking x2  
  92  10:33  Supply Depot  
  92  10:34  Widow Mine x2  
  100  10:38  SCV  
  100  10:39  SCV  
  102  10:50  SCV  
  102  10:51  SCV  
  102  10:53  Terran Vehicle And Ship Armor Level 1  
  102  10:55  Widow Mine x2  
  108  11:01  Viking x2  
  108  11:02  Starport  
  108  11:03  SCV x2  
  114  11:07  Starport  
  114  11:20  Command Center  
  113  11:31  Viking  
  115  11:35  SCV x3  
  115  11:36  Marine x7  
  125  11:57  Refinery  
  125  11:58  Refinery  
  125  12:02  Supply Depot  
  125  12:03  Supply Depot  
  125  12:09  SCV, Marine  
  125  12:10  Marine x2  
  125  12:11  Viking, SCV, Marine  
  125  12:12  Viking  
  125  12:21  Orbital Command  
  125  12:22  Marine x2  
  125  12:23  SCV x3, Marine  
  125  12:25  Widow Mine x2  
  125  12:28  Starport Reactor x2  
  125  12:29  Marine  
  131  12:30  Marine x3  
  131  12:35  SCV  
  136  12:40  Marine x2  
  136  12:41  Viking, Marine  
  136  12:42  Viking  
  136  12:43  Orbital Command  
  143  12:46  Widow Mine x2  
  143  12:47  Marine  
  143  12:48  Marine x2  
  150  13:03  Ghost Academy  
  150  13:06  Barracks  
  150  13:08  Widow Mine  
  150  13:11  Viking  
  150  13:12  Viking  
  156  13:17  Planetary Fortress  
  156  13:23  Missile Turret  
  156  13:25  Missile Turret  
  156  13:27  Missile Turret  
  156  13:28  Missile Turret  
  156  13:37  SCV x2  
  156  13:45  SCV  
  150  13:49  SCV  
  105  13:55  Viking  
  105  13:56  Viking x5  
  117  14:03  Personal Cloaking  
  117  14:04  Barracks Tech Lab  
  117  14:07  Ghost  
  119  14:12  Marine  
  119  14:13  Marine x5  
  125  14:25  Viking  
  125  14:26  Viking  
  129  14:39  Ghost  
  129  14:40  Marine x6  
  137  14:53  Ghost Academy  
  137  14:55  Ghost Academy  
  137  14:57  Ghost Academy, Marine  
  137  14:58  Marine x5  
  143  15:04  Marine  
  144  15:07  Ghost  
  144  15:13  Missile Turret  
  146  15:15  Missile Turret, Marine  
  146  15:16  Missile Turret, Marine x5  
  152  15:21  Marine  
  153  15:33  Marine  
  153  15:34  Marine x2  
  155  15:39  Viking  
  155  15:41  Viking x3  
  155  15:42  Viking  
  155  15:43  Viking  
  137  16:05  Marine  
  137  16:06  Marine x4  
  137  16:11  Viking x2  
  144  16:12  Viking  
  144  16:13  Viking  
  115  16:23  Marine x3  
  115  16:24  Marine x2  
  105  16:33  Widow Mine x2  
  103  16:41  Marine x4  
  103  16:43  Barracks  
  103  16:44  Barracks  
  103  16:45  Marine  
  103  16:46  Barracks  
  105  16:49  Barracks  
  93  16:54  Widow Mine  
  93  16:55  Widow Mine  
  93  16:59  Viking x3, Marine x3  
  93  17:00  Viking  
  104  17:03  Marine  
  105  17:16  Marine, Widow Mine  
  105  17:17  Marine x2  
  105  17:20  Marine  
  102  17:29  Viking  
  92  17:32  Orbital Command  
  92  17:33  Viking x2  
  92  17:34  Viking, Marine  
  92  17:35  Marine x2  
  92  17:36  Barracks Reactor x3  
  92  17:37  Barracks Reactor  
  100  17:38  Marine  
  94  17:59  Viking  
  94  18:01  Marine  
  94  18:02  Marine x3  
  99  18:11  Marine  
  99  18:19  Marine x2  
  98  18:20  Marine x2  
  98  18:22  Marine x5  
  98  18:23  Marine x2  
  107  18:29  Marine  
  107  18:30  Orbital Command  
  108  18:35  Missile Turret  
  108  18:37  Marine x4  
  108  18:40  Marine x7  
  119  18:42  Widow Mine x2  
  119  18:43  Viking x2  
  119  18:47  Marine  
  128  18:55  Missile Turret, Marine  
  129  19:00  SCV  
  129  19:01  SCV x2  
  132  19:12  SCV  
  132  19:13  SCV x2  
  129  19:25  SCV x2  
  131  19:35  Ghost  
  131  19:37  Barracks Tech Lab  
  133  19:46  Widow Mine x2  
  137  19:52  Refinery  
  137  19:54  Command Center  
  137  20:01  Command Center, Refinery  
  137  20:03  Refinery  
  137  20:04  Ghost  
  133  20:30  Widow Mine x2  
  133  20:32  Ghost  
  133  20:35  Marine x2  
  140  20:37  Marine  
  140  20:38  Marine  
  140  20:40  Nuke, Marine x4  
  140  20:41  Marine  
  140  20:42  Marine x2  
  132  20:51  Widow Mine x2  
  132  20:52  Marine  
  132  20:53  Marine  
  132  20:56  Marine  
  122  20:58  Marine  
  122  21:00  Marine x4  
  122  21:01  Marine  
  118  21:05  Supply Depot  
  118  21:11  Marine  
  106  21:13  Marine  
  106  21:16  Marine  
  106  21:17  Nuke  
  109  21:24  Command Center  
  94  22:00  Marine x9  
  77  22:18  Marine x9  
  77  22:22  Factory  
  86  22:24  Factory  
  85  22:32  Missile Turret x2  
  85  22:33  Missile Turret  
  85  22:36  Marine  
  86  22:38  Missile Turret  
  86  22:44  Marine x8  
  75  22:53  Marine  
  75  22:57  Planetary Fortress  
  75  23:01  Marine  
  75  23:02  Refinery, Marine x6  
  75  23:04  Refinery  
  82  23:10  Factory Tech Lab x2  
  82  23:12  Marine x2  
  83  23:19  Marine  
  84  23:20  Marine x6  
  79  23:30  Marine x2  
  80  23:37  Marine  
  80  23:38  Marine x2  
  80  23:40  Marine x4  
  58  23:43  Siege Tank x2  
  58  23:47  Marine  
  58  23:55  Marine x3  
  59  23:58  Marine x4  
  59  24:02  Ghost  
  59  24:05  Marine  
  53  24:13  Marine x3  
  53  24:15  Marine  
  53  24:16  Marine x3  
  58  24:17  Command Center  
  58  24:23  Marine  
  55  24:31  Marine x4  
  55  24:33  Marine  
  55  24:34  Factory Tech Lab x2, Marine x3  
  62  24:41  Marine  
  62  24:42  SCV  
Show
View Real Time Build Order
Export as new Build Order

YouGoudaLose Protoss 

Build Orders:  

Get SALT Encoding   

  12  0:00  Probe  
  13  0:13  Pylon  
  13  0:18  Probe  
  14  0:30  Probe  
  15  0:36  Forge  
  15  0:46  Pylon  
  15  1:14  Assimilator  
  15  1:20  Gateway  
  15  1:25  Probe (Chrono Boost)  
  16  1:33  Photon Cannon  
  16  1:36  Pylon  
  16  1:50  Nexus  
  16  2:03  Probe  
  17  2:10  Pylon  
  17  2:15  Probe  
  18  2:20  Cybernetics Core  
  18  2:27  Probe  
  18  2:29  Assimilator  
  19  2:36  Zealot  
  21  2:45  Probe  
  22  2:57  Probe  
  22  2:58  Shield Battery  
  23  3:03  Stalker  
  25  3:08  Probe (Chrono Boost)  
  25  3:09  Probe (Chrono Boost)  
  27  3:20  Stargate  
  27  3:23  Probe (Chrono Boost)  
  27  3:24  Probe (Chrono Boost)  
  29  3:35  Probe  
  29  3:37  Pylon  
  29  3:39  Probe  
  31  3:47  Probe (Chrono Boost)  
  30  3:56  Probe (Chrono Boost)  
  30  3:59  Probe (Chrono Boost), Stalker  
  34  4:04  Assimilator  
  34  4:05  Probe (Chrono Boost)  
  34  4:07  Probe (Chrono Boost)  
  36  4:13  Probe  
  37  4:17  Assimilator  
  37  4:21  Oracle  
  40  4:30  Photon Cannon  
  40  4:36  Pylon  
  40  4:44  Fleet Beacon  
  40  4:46  Probe (Chrono Boost)  
  40  4:47  Probe (Chrono Boost)  
  42  4:58  Probe (Chrono Boost)  
  42  4:59  Photon Cannon  
  39  5:12  Probe (Chrono Boost)  
  41  5:18  Probe (Chrono Boost)  
  42  5:22  Probe (Chrono Boost)  
  42  5:24  Pylon  
  42  5:26  Probe (Chrono Boost)  
  43  5:30  Probe (Chrono Boost), Tempest  
  49  5:54  Probe  
  49  5:55  Probe  
  51  6:00  Robotics Facility  
  51  6:07  Probe x2  
  53  6:13  Tempest  
  58  6:19  Probe  
  59  6:26  Probe  
  59  6:27  Photon Cannon  
  59  6:29  Pylon  
  59  6:31  Probe  
  61  6:34  Pylon  
  61  6:35  Warp Gate  
  49  6:56  Tempest  
  54  7:02  Probe  
  54  7:03  Probe  
  56  7:14  Probe  
  56  7:15  Probe  
  55  7:16  Observer  
  55  7:19  Pylon  
  56  7:24  Gateway  
  56  7:25  Gateway  
  56  7:28  Probe x2 (Chrono Boost)  
  56  7:29  Robotics Bay  
  58  7:31  Pylon  
  58  7:32  Pylon  
  58  7:39  Probe (Chrono Boost)  
  58  7:40  Probe (Chrono Boost)  
  60  7:44  Probe x2 (Chrono Boost)  
  62  7:55  Photon Cannon  
  62  7:58  Photon Cannon  
  62  8:00  Tempest  
  62  8:02  Observer  
  67  8:13  Pylon, Stalker x2  
  62  8:41  Stalker  
  60  8:55  Colossus (Chrono Boost)  
  58  9:00  Probe x2  
  69  9:16  Fleet Beacon  
  65  9:27  Twilight Council  
  65  9:29  Stalker  
  65  9:30  Stalker x2  
  71  9:34  Pylon  
  71  9:36  Photon Cannon  
  71  9:41  Colossus (Chrono Boost)  
  71  9:43  Extended Thermal Lance  
  77  9:48  Photon Cannon  
  77  9:50  Photon Cannon  
  77  9:51  Pylon  
  77  9:52  Pylon  
  77  10:11  Templar Archives  
  77  10:22  Nexus  
  77  10:23  Pylon  
  77  10:31  Pylon  
  77  10:33  Gateway  
  77  10:38  Probe (Chrono Boost), Psionic Storm  
  78  10:43  Colossus  
  84  10:51  High Templar  
  84  10:52  High Templar x2  
  90  11:11  Assimilator  
  90  11:24  High Templar x2  
  90  11:25  High Templar  
  96  11:35  Fleet Beacon  
  96  11:40  Stalker  
  98  11:59  Stalker x2  
  98  12:00  Pylon, Stalker  
  98  12:01  Pylon  
  103  12:17  Stalker  
  103  12:32  Probe  
  103  12:33  Probe  
  113  12:38  Mothership (Chrono Boost)  
  113  12:39  Photon Cannon  
  113  12:41  Photon Cannon  
  113  12:43  Photon Cannon  
  116  12:44  Oracle (Chrono Boost)  
  116  12:45  Probe (Chrono Boost)  
  116  12:46  Probe (Chrono Boost)  
  116  12:48  Observer  
  119  12:58  Shield Battery, Probe (Chrono Boost)  
  121  13:00  Pylon  
  121  13:02  Probe (Chrono Boost)  
  122  13:05  Probe (Chrono Boost)  
  122  13:06  High Templar  
  122  13:09  Probe (Chrono Boost)  
  122  13:12  Probe  
  125  13:17  Observer  
  125  13:18  Observer  
  127  13:20  Stalker  
  127  13:21  Probe, Stalker  
  127  13:22  Stalker  
  127  13:24  Probe  
  120  14:00  Stalker x4  
  128  14:03  Tempest  
  128  14:09  Colossus  
  139  14:37  Stalker  
  139  14:38  Stalker x3  
  147  14:47  Photon Cannon  
  147  14:49  Photon Cannon  
  147  14:57  Assimilator  
  147  14:59  Photon Cannon  
  147  15:01  Probe (Chrono Boost)  
  147  15:02  Probe (Chrono Boost)  
  150  15:07  Probe (Chrono Boost)  
  150  15:12  Probe (Chrono Boost)  
  151  15:33  Stalker x2  
  151  15:34  Stalker x2  
  138  16:04  Stalker x3  
  127  16:05  Stalker  
  80  17:00  Stalker  
  80  17:01  Stalker x3  
  76  17:03  Colossus  
  78  17:40  Nexus  
  78  17:43  Pylon  
  78  17:46  Pylon  
  78  17:56  Colossus  
  58  18:28  Stalker x3  
  58  18:29  Stalker  
  58  18:33  Assimilator  
  66  18:40  Gateway  
  66  18:41  Gateway, Probe  
  66  18:42  Gateway  
  66  18:45  Gateway  
  67  18:50  Colossus  
  67  18:54  Probe  
  74  18:58  Stalker x2  
  74  18:59  Stalker  
  80  19:06  Probe  
  81  19:16  Stargate  
  81  19:18  Probe  
  81  19:22  High Templar  
  81  19:23  High Templar  
  86  19:30  Probe  
  87  19:36  High Templar x2  
  90  19:39  Stalker  
  90  19:40  Stalker  
  94  19:49  High Templar x2  
  94  19:50  Probe x3  
  101  20:06  Observer  
  102  20:10  Stalker x2  
  102  20:11  Stalker x4  
  102  20:13  Probe  
  115  20:28  Observer  
  116  20:46  High Templar x2  
  115  20:57  Stalker  
  74  21:14  Stalker  
  76  21:28  Zealot x2  
  76  21:29  Zealot x4  
  86  22:24  Nexus  
  86  22:26  Zealot x4  
  86  22:27  Zealot x4  
  102  22:31  Pylon  
  39  24:10  Zealot x4  
  39  24:14  Probe  
  38  24:26  Probe (Chrono Boost)  
  28  24:38  Probe x2 (Chrono Boost)  
  30  24:47  Probe (Chrono Boost)  
  30  24:49  Probe x2 (Chrono Boost)  
  32  24:52  Probe  
Tags
 
Add a new tag
Caveats
  • Supply blocks, unpowered buildings, or Contaminate may cause inaccurate times.
  • Supply counts are checked every 10 seconds.